 Dungeon Crawl Stone Soup version 0.29-a0-275-g389c0b56f3 (webtiles) character file.

Game seed: 15328681567847317990

87140 Ajdolov the Warrior (level 15, -11/171 HPs)
             Began as an Ogre Earth Elementalist on Mar 9, 2022.
             Was the Champion of Vehumet.
             Mangled by a titanic slime creature (77 damage)
             ... on level 13 of the Dungeon.
             The game lasted 01:13:49 (25962 turns).

Ajdolov the Warrior (Ogre Earth Elementalist)      Turns: 25962, Time: 01:13:50

Health: -11/171    AC: 14    Str: 16    XL:     15   Next: 89%
Magic:  30/33      EV:  9    Int: 22    God:    Vehumet [******]
Gold:   3078       SH:  0    Dex:  9    Spells: 7/42 levels left

rFire   + . .      SeeInvis .   a - +0 staff of Battle
rCold   . . .      Faith    .   (no shield)
rNeg    . . .      Spirit   .   p - +0 troll leather armour
rPois   .          Reflect  .   N - +2 hat
rElec   .          Harm     .   F - +2 cloak {Will+}
rCorr   .          Rampage  .   (gloves unavailable)
Will    ++...                   (boots unavailable)
Stlth   +.........              q - amulet of magic regeneration
HPRegen 1.18/turn               m - ring of protection from fire
MPRegen 0.63/turn               L - +4 ring of protection

@: studying Stealth
A: large, unfitting armour, tough skin 1
a: Renounce Religion


You were on level 13 of the Dungeon.
You worshipped Vehumet.
Vehumet was exalted by your worship.
You visited 4 branches of the dungeon, and saw 22 of its levels.

You collected 3104 gold pieces.
You spent 26 gold pieces at shops.

Inventory:

Hand Weapons
 a - the +0 staff of Battle (weapon)
   (You found it on level 10 of the Dungeon)

   It enhances your conjuration magic.
   It summons a battlesphere in combat, with strength depending on Conjurations
   skill.
   Its strikes trigger the battlesphere's blasts.
Missiles
 I - 496 stones
 M - 2 curare-tipped darts
Armour
 p - a +0 troll leather armour (worn)
 F - a +2 cloak of willpower (worn)
 N - a +2 hat (worn)
 U - a +0 kite shield
Jewellery
 m - a ring of protection from fire (left hand)
 q - an amulet of magic regeneration (around neck)
 x - a ring of flight
 L - a +4 ring of protection (right hand)
 R - the amulet of the Air {Inacc Air Fly rElec RMsl}
   (You found it on level 5 of the Lair of Beasts)

   [amulet of nothing]

   It reduces the accuracy of all your attacks.
   It enhances your air magic.
   rElec:     It insulates you from electricity.
   Fly:       It grants you flight.
   RMsl:      It protects you from missiles.
 S - a +6 ring of intelligence
Wands
 b - a wand of mindburst (7)
 d - a wand of iceblast (13)
 C - a wand of flame (22)
 E - a wand of digging (5)
 K - a wand of paralysis (16)
 T - a wand of charming (3)
 V - a wand of polymorph (4)
Scrolls
 j - 2 scrolls of brand weapon
 k - 5 scrolls of fog
 l - 2 scrolls of vulnerability
 n - a scroll of noise
 r - 8 scrolls of teleportation
 v - 3 scrolls of identify
 y - 2 scrolls of summoning
 A - 8 scrolls of blinking
 B - 4 scrolls of enchant armour
 H - 4 scrolls of fear
 J - a scroll of holy word
 O - a scroll of amnesia
Potions
 c - 3 potions of magic
 e - 5 potions of curing
 f - 6 potions of invisibility
 g - 4 potions of haste
 h - 3 potions of heal wounds
 i - 2 potions of mutation
 o - 6 potions of flight
 s - 2 potions of brilliance
 t - 2 potions of lignification {unknown}
 u - 2 potions of degeneration {unknown}
 w - 2 potions of resistance {unknown}
 z - 3 potions of berserk rage
 D - 3 potions of attraction
 G - 4 potions of might
 P - 7 potions of ambrosia


   Skills:
 + Level 16.3 Fighting
 + Level 2.6 Armour
 - Level 1.7 Dodging
 - Level 1.4 Stealth
 + Level 2.8 Shields
 + Level 14.1 Spellcasting
 * Level 13.2 Conjurations
 + Level 3.1 Transmutations
 - Level 8.5 Fire Magic
 - Level 3.0 Air Magic
 - Level 7.8 Earth Magic
 - Level 7.8 Poison Magic


You had 7 spell levels left.
You knew the following spells:

 Your Spells              Type           Power      Damage    Failure   Level
a - Sandblast             Erth           100%       2d20      1%          1
b - Stone Arrow           Conj/Erth      100%       3d13      1%          3
c - Fireball              Conj/Fire      38%        3d16      1%          5
d - Freeze                Ice            60%        1d8       1%          1
e - Starburst             Conj/Fire      38%        6d11      2%          6
f - Olgreb's Toxic Radia  Pois           50%        N/A       1%          4
g - Poisonous Vapours     Pois/Air       78%        N/A       1%          2
h - Orb of Destruction    Conj           42%        9d12      4%          7
i - Iron Shot             Conj/Erth      37%        9d7       2%          6

Your spell library contained the following spells:

 Spells                   Type           Power      Damage    Failure   Level
 Ozocubu's Refrigeration  Ice            7%         4d6       100%        7
 Foxfire                  Conj/Fire      100%       2x1d9     1%          1
 Passwall                 Tmut/Erth      32%        N/A       1%          2
 Static Discharge         Conj/Air       67%        N/A       1%          2
 Wereblood                Tmut           29%        N/A       1%          2
 Conjure Flame            Conj/Fire      76%        6-21      1%          3
 Inner Flame              Hex/Fire       34%        N/A       1%          3
 Flame Wave               Conj/Fire      76%        2d14      1%          4
 Iskenderun's Battlesphe  Conj           84%        2d13      1%          5
 Slow                     Hex            60%        N/A       4%          1
 Petrify                  Tmut/Erth      39%        N/A       4%          4
 Sublimation of Blood     Necr           15%        N/A       7%          2
 Confusing Touch          Hex            15%        N/A       14%         3
 Vampiric Draining        Necr           15%        2d7       14%         3
 Yara's Violent Unravell  Hex/Tmut       11%        3d6       17%         5
 Eringya's Noxious Bog    Tmut/Pois      19%        N/A       19%         6
 Statue Form              Tmut/Erth      26%        N/A       58%         6
 Metabolic Englaciation   Hex/Ice        7%         N/A       78%         5
 Enfeeble                 Hex            7%         N/A       100%        7
 Summon Hydra             Summ           7%         N/A       100%        7
 Ignition                 Fire           26%        3d9       90%         8
 Maxwell's Capacitive Co  Air            14%        ∞         100%        8


Dungeon Overview and Level Annotations

Branches:
Dungeon (13/15)            Temple (1/1) D:7            Lair (6/6) D:8
  Swamp (0/4) Lair:4       Spider (0/4) Lair:3        Slime (0/5) Lair:6
    Orc (2/2) D:12            Elf (0/3) Orc:2
 Vaults: D:13-14

Altars:
Ashenzari
Cheibriados
Dithmenos
Elyvilon
Fedhas
Gozag
Hepliaklqana
Kikubaaqudgha
Makhleb
Nemelex Xobeh
Okawaru
Qazlal
Ru
Trog
Uskayaw
Vehumet
Wu Jian
Xom
Yredelemnul
The Shining One
Beogh

Shops:
D:3 (   D:6 *   Orc:2 *([[

Portals:
Hell: Lair:6
Trove: D:11 (give +3 ice dragon scales)
Gauntlet: D:13

Annotations:
D:8 2 transporters, DEFE's ghost, novice OpFi


Innate Abilities, Weirdness & Mutations

You are too large for most types of armour.
You have tough skin. (AC +1)


Message History

The slime creature is almost dead.
Your battlesphere fires!
The barrage of energy hits the titanic slime creature!
The titanic slime creature is lightly wounded.
The slime creature hits you!
Casting: Stone Arrow (safe; 1% risk of failure)
Confirm with . or Enter, or press ? or * to list all spells.
Aiming: Stone Arrow (safe; 1% risk of failure)
Press: ? - help, Shift-Dir - straight line, f/p - slime creature
Aim: a slime creature (almost dead, 95% to hit)
You feel a surge of power!
The stone arrow hits the slime creature!
You kill the slime creature!
Vehumet accepts your kill.
You feel your power returning.
Your battlesphere fires!
The barrage of energy hits the titanic slime creature!!
The titanic slime creature is lightly wounded.
Casting: Stone Arrow (safe; 1% risk of failure)
Confirm with . or Enter, or press ? or * to list all spells.
Aiming: Stone Arrow (safe; 1% risk of failure)
Press: ? - help, Shift-Dir - straight line, f - titanic slime creature
Aim: a titanic slime creature (lightly wounded, ally target, 95% to hit)
You feel a surge of power!
The stone arrow hits the titanic slime creature!!
The titanic slime creature is lightly wounded.
Your battlesphere fires!
The barrage of energy hits the titanic slime creature!!
The titanic slime creature is moderately wounded.
The titanic slime creature misses you.
The titanic slime creature attacks as you move away!
The titanic slime creature hits you!!!!
Ouch! That really hurt!
You hear a howl!
Something unseen opens the door.
You hear a howl!
You swap places.
The titanic slime creature attacks as you move away!
The titanic slime creature hits you!!!!
You die...

*,* #.# *****,*** *,* #.#
****,,,,,,,, *,* ####'##
*,,,,,,,,,,,
******,*****##.....#**,**,,,,,,,,
,,,,,,,,,,,,,'.....#,,,**,,,,,,,,
******,******#.....#,****,,,,,,,,
*,* #.....+,* *,,,,,,,, *,*
#..J..#** *,,,,,,,, *,* #..@..#
****,**** *,* ####'## *,* *,*
#..# *,* *,* ##.# ***,**** *,*
######'#### *,,,,,,, ******,**
#.........# *,,,,,,,
,,,,,,,,****#.........#***,,,,,,,
^,,,,,,,**,,+.....)...#*,,,,,,,,,
,,,,,,,,,,,*#.........+,,*,,,,,,,


You could see a titanic slime creature (ally target) and a friendly
battlesphere.

Vanquished Creatures
  Gastronok (Lair:1)
  A dire elephant (Lair:6)
  Snorg (Orc:2)
  3 ettins
  A boulder beetle (D:12)
  An ice dragon (D:11)
  2 catoblepae (Lair:5)
  14 hydras
  7 two-headed ogres
  2 centaur warriors
  3 orc high priests (Orc:2)
  Urug (Orc:2)
  Amaemon (D:10)
  Sonja (Lair:1)
  A sixfirhy (Lair:6)
  A flayed ghost (D:10)
  A lindwurm (Lair:6)
  A wizard (Lair:6)
  6 orc knights (Orc:2)
  A wolf spider (Lair:3)
  3 orc sorcerers (Orc:2)
  5 ugly things
  5 oklob plants (Lair:6)
  5 slime creatures
  5 cyclopes
  6 elephants (Lair:2)
  A manticore (D:12)
  A black mamba (Lair:5)
  Maurice (D:8)
  4 ice statues (D:11)
  4 orange demons
  5 cane toads
  An unseen horror (D:12)
  4 rime drakes
  14 komodo dragons
  An efreet (D:9)
  3 ice devils (Lair:6)
  2 tengu conjurers (D:10)
  A hellwing (Lair:6)
  6 trolls
  3 meliai (Lair:6)
  A queen bee (Lair:6)
  The ghost of surr the Magician, an amateur DjEE (D:4)
  3 hornets
  2 tyrant leeches (Lair:4)
  15 dream sheep
  20 blink frogs
  Sigmund (D:5)
  A jumping spider (Lair:3)
  3 shadows
  7 wraiths
  11 wyverns
  A spriggan (Lair:5)
  Grum (D:8)
  2 culicivoras (Lair:3)
  60 yaks
  A steam dragon (Lair:4)
  7 basilisks
  5 vampire mosquitoes
  2 wargs (Orc:1)
  Menkaure (D:5)
  16 water moccasins
  An acid dragon (D:8)
  4 hell hounds (Lair:6)
  4 black bears
  19 orc warriors
  13 ice beasts
  A sky beast (D:6)
  19 wolves
  7 ogres
  A boggart (D:9)
  3 phantoms
  3 centaurs
  11 bullfrogs
  2 scorpions
  A gnoll sergeant (D:12)
  A necrophage (D:7)
  5 wights (D:9)
  28 killer bees
  An electric eel (Lair:4)
  10 howler monkeys
  A gnoll shaman (D:9)
  A jelly (D:6)
  17 orc priests
  3 hounds
  Jessica (D:3)
  Ijyb (D:5)
  A scorpion zombie (D:4)
  4 hell rats (Lair:4)
  20 orc wizards
  A mummy (D:5)
  8 gnolls
  9 adders
  A shadow imp (D:6)
  An ufetubus (D:6)
  An adder zombie (D:4)
  A worm (D:2)
  3 dart slugs (D:1)
  38 orcs
  5 ball pythons
  7 endoplasms
  3 goblins
  2 hobgoblins
  2 jackals (D:5)
  A quokka (D:2)
  12 bats
  2 hobgoblin zombies (D:5)
  3 kobolds
  A kobold zombie (D:5)
  An orc zombie (D:5)
  4 rats
  A butterfly (Lair:5)
581 creatures vanquished.

Vanquished Creatures (others)
  A bush (Lair:5)
  38 fungi
  78 plants
117 creatures vanquished.

Grand Total: 698 creatures vanquished

Notes
Turn   | Place    | Note
-------+----------+-------------------------------------------
     0 | D:1      | Ajdolov the Ogre Earth Elementalist began the quest for the
                  | Orb.
     0 | D:1      | Reached XP level 1. HP: 16/16 MP: 3/3
   574 | D:1      | Reached skill level 1 in Fighting
   574 | D:1      | Reached XP level 2. HP: 16/27 MP: 5/5
  1504 | D:1      | You fall into a shaft and drop 1 floor!
  1514 | D:2      | Reached XP level 3. HP: 33/33 MP: 0/7
  1523 | D:2      | Learned a level 3 spell: Stone Arrow
  2252 | D:2      | Found a faded altar of an unknown god.
  2592 | D:3      | Reached skill level 2 in Fighting
  2592 | D:3      | Reached XP level 4. HP: 42/42 MP: 6/8
  2653 | D:3      | Noticed Jessica
  2661 | D:3      | Killed Jessica
  2744 | D:3      | Found Siegheof's Weapon Shop.
  2980 | D:4      | Noticed a wyvern
  3037 | D:4      | Found a runed translucent door.
  3047 | D:4      | Noticed surr's ghost (amateur DjEE)
  3156 | D:4      | Noticed an orc warrior
  3191 | D:5      | Entered Level 5 of the Dungeon
  3538 | D:5      | Reached XP level 5. HP: 44/50 MP: 10/10
  3679 | D:5      | Noticed Menkaure
  3679 | D:5      | Noticed Sigmund
  3692 | D:5      | Killed Menkaure
  3693 | D:5      | Reached skill level 3 in Fighting
  3693 | D:5      | Reached skill level 1 in Conjurations
  3693 | D:5      | Reached XP level 6. HP: 8/61 MP: 7/11
  3976 | D:5      | HP: 3/61 [something (3)]
  3981 | D:5      | Killed Sigmund
  4229 | D:5      | Reached skill level 4 in Fighting
  4307 | D:5      | Reached XP level 7. HP: 49/70 MP: 13/13
  4465 | D:5      | Noticed Ijyb
  4485 | D:5      | Killed Ijyb
  5092 | D:6      | Found Ezievig's General Store.
  5095 | D:6      | Noticed a cyclops
  5103 | D:6      | Killed a cyclops
  5104 | D:6      | Reached skill level 5 in Fighting
  5104 | D:6      | Reached skill level 5 in Spellcasting
  5104 | D:6      | Reached skill level 5 in Earth Magic
  5104 | D:6      | Reached XP level 8. HP: 80/80 MP: 4/15
  5141 | D:6      | Bought a scroll of identify for 26 gold pieces
  5520 | D:6      | Reached skill level 5 in Conjurations
  5657 | D:6      | Reached skill level 6 in Fighting
  6207 | D:4      | Reached XP level 9. HP: 92/92 MP: 12/18
  6448 | D:4      | Found a basalt altar of Yredelemnul.
  6552 | D:4      | Killed surr's ghost
  6591 | D:4      | Reached skill level 7 in Fighting
  6861 | D:7      | Found a staircase to the Ecumenical Temple.
  6876 | Temple   | Entered the Ecumenical Temple
  7054 | Temple   | Became a worshipper of Vehumet
  7651 | D:8      | Reached skill level 8 in Fighting
  7668 | D:8      | Reached XP level 10. HP: 95/104 MP: 14/20
  7725 | D:8      | Noticed a two-headed ogre
  7726 | D:8      | Noticed DEFE's ghost (novice OpFi)
  7729 | D:8      | Found a bloodstained altar of Trog.
  8011 | D:8      | Identified the +1 leather armour "Fefu" {rElec Stlth+}
  8132 | D:8      | Noticed Maurice
  8140 | D:8      | Killed Maurice
  8198 | D:8      | Noticed Grum
  8530 | D:8      | Found a transporter.
  8538 | D:8      | Found a transporter.
  8561 | D:8      | Found a staircase to the Lair.
  8562 | D:8      | Noticed a moth of wrath
  8590 | D:8      | Killed Grum
  8879 | D:8      | Reached * piety under Vehumet
  8879 | D:8      | Offered knowledge of Foxfire by Vehumet.
  9131 | D:9      | Noticed a two-headed ogre
  9132 | D:9      | Noticed a two-headed ogre
  9136 | D:9      | Killed a two-headed ogre
  9137 | D:9      | Reached skill level 9 in Fighting
  9140 | D:9      | Killed a two-headed ogre
  9189 | D:9      | Noticed a two-headed ogre
  9208 | D:8      | Reached XP level 11. HP: 53/115 MP: 9/23
  9568 | D:9      | Killed a two-headed ogre
  9813 | D:9      | Paralysed by a hornet for 2 turns
  9826 | D:9      | Reached skill level 10 in Fighting
 10027 | D:9      | Identified the amulet "Kyugho" {Acrobat Dex+2}
 10102 | D:9      | Noticed a cyan ugly thing
 10150 | D:9      | Killed a cyan ugly thing
 10374 | D:9      | Offered knowledge of Freeze by Vehumet.
 10375 | D:9      | Reached skill level 10 in Conjurations
 10402 | D:9      | Learned a level 5 spell: Fireball
 10404 | D:9      | Learned a level 1 spell: Freeze
 10407 | D:9      | Reached ** piety under Vehumet
 10488 | D:9      | Reached skill level 1 in Fire Magic
 10713 | D:9      | Noticed a green ugly thing
 10733 | D:9      | Killed a green ugly thing
 11008 | D:9      | Noticed a two-headed ogre
 11017 | D:9      | Killed a two-headed ogre
 11149 | D:9      | Reached skill level 11 in Fighting
 11502 | D:10     | Entered Level 10 of the Dungeon
 11604 | D:10     | Noticed Amaemon
 11627 | D:10     | Killed Amaemon
 11840 | D:10     | Reached skill level 10 in Spellcasting
 11840 | D:10     | Reached XP level 12. HP: 130/130 MP: 17/26
 11857 | D:10     | Offered knowledge of Static Discharge by Vehumet.
 12165 | D:10     | Found the +0 staff of Battle
 12254 | D:10     | Reached skill level 5 in Fire Magic
 12409 | D:10     | Noticed a six-headed hydra
 12416 | D:10     | Killed a six-headed hydra
 12647 | D:10     | Found a runed translucent door.
 12669 | D:10     | Found a glowing golden altar of the Shining One.
 12678 | D:10     | Found an ancient bone altar of Kikubaaqudgha.
 12687 | D:10     | Found an iron altar of Okawaru.
 12690 | D:10     | Reached *** piety under Vehumet
 12700 | D:10     | Learned a level 6 spell: Starburst
 12704 | D:10     | Found a stormy altar of Qazlal.
 12791 | D:10     | Found a hide-covered altar of Uskayaw.
 12862 | D:10     | Found a shimmering altar of Xom.
 13028 | D:10     | Reached skill level 12 in Fighting
 13031 | D:10     | Identified the +5 arbalest of Excruciating Pain {venom,
                  | Drain rElec rN+ rCorr}
 13150 | D:11     | Noticed a centaur warrior
 13156 | D:11     | Noticed a six-headed hydra
 13158 | D:11     | Killed a centaur warrior
 13161 | D:11     | Killed a six-headed hydra
 13252 | D:11     | Offered knowledge of Olgreb's Toxic Radiance by Vehumet.
 13258 | D:11     | Learned a level 4 spell: Olgreb's Toxic Radiance
 13361 | D:11     | Noticed a five-headed hydra
 13366 | D:11     | Killed a five-headed hydra
 13424 | D:11     | Reached skill level 1 in Poison Magic
 13929 | D:11     | Noticed an ice dragon
 13934 | D:11     | Killed an ice dragon
 14155 | D:11     | Reached XP level 13. HP: 102/141 MP: 10/28
 14202 | D:11     | Identified the +9 war axe "Luvuem" {freeze, Will- Int+3
                  | SInv}
 14355 | D:11     | Found a portal to a secret trove of treasure.
 14596 | Lair:1   | Entered Level 1 of the Lair of Beasts
 14605 | Lair:1   | Reached skill level 13 in Fighting
 14640 | Lair:1   | Got the Disquisition on Harmful Poison
 14644 | Lair:1   | Learned a level 2 spell: Poisonous Vapours
 14656 | Lair:1   | Noticed Sonja
 14663 | Lair:1   | Killed Sonja
 14752 | Lair:1   | Noticed Gastronok
 14760 | Lair:1   | Killed Gastronok
 14869 | Lair:1   | Reached **** piety under Vehumet
 15671 | Lair:2   | Offered knowledge of Frozen Ramparts by Vehumet.
 15680 | Lair:2   | Learned a level 7 spell: Orb of Destruction
 15794 | Lair:2   | Reached skill level 1 in Air Magic
 16537 | Lair:3   | Reached skill level 5 in Poison Magic
 16597 | Lair:3   | Reached ***** piety under Vehumet
 16651 | Lair:3   | Offered knowledge of Lightning Bolt by Vehumet.
 16763 | Lair:3   | Reached skill level 14 in Fighting
 17151 | Lair:3   | Found a hole to the Spider Nest.
 17656 | Lair:4   | Reached XP level 14. HP: 156/156 MP: 22/30
 17891 | Lair:4   | Found a staircase to the Swamp.
 19354 | Lair:5   | Found the amulet of the Air {Inacc Air Fly rElec RMsl}
 19695 | Lair:6   | Entered Level 6 of the Lair of Beasts
 20177 | Lair:6   | Offered knowledge of Iron Shot by Vehumet.
 20191 | Lair:6   | Reached skill level 15 in Fighting
 20241 | Lair:6   | Learned a level 6 spell: Iron Shot
 20759 | Lair:6   | Got the Disquisition on Feathery Transmutation
 21166 | Lair:6   | Noticed a dire elephant
 21174 | Lair:6   | Killed a dire elephant
 21419 | Lair:6   | Found a burning altar of Makhleb.
 21434 | Lair:6   | Reached XP level 15. HP: 145/167 MP: 19/32
 21627 | Lair:6   | Found a gateway to Hell.
 21890 | Lair:6   | Found a staircase to the Slime Pits.
 22841 | D:12     | Reached skill level 1 in Transmutations
 23383 | D:12     | Offered knowledge of Spellforged Servitor by Vehumet.
 23752 | D:12     | Reached skill level 1 in Armour
 23752 | D:12     | Reached skill level 1 in Shields
 23760 | D:12     | Reached skill level 16 in Fighting
 23900 | D:12     | Found a staircase to the Orcish Mines.
 24033 | Orc:1    | Entered Level 1 of the Orcish Mines
 24386 | Orc:2    | Entered Level 2 of the Orcish Mines
 24642 | Orc:2    | Paralysed by an orc sorcerer for 6 turns
 24748 | Orc:2    | Found Naovoss's General Store.
 24748 | Orc:2    | Found Zaeh's Antique Weapon Boutique.
 24751 | Orc:2    | Found Kuysu's Antique Armour Boutique.
 24751 | Orc:2    | Found Weuffot's Antique Armour Shoppe.
 24990 | Orc:2    | Noticed Urug
 24995 | Orc:2    | Killed Urug
 25164 | Orc:2    | Found a staircase to the Elven Halls.
 25189 | Orc:2    | Reached ****** piety under Vehumet
 25193 | Orc:2    | Noticed Snorg
 25198 | Orc:2    | Killed Snorg
 25221 | Orc:2    | Offered knowledge of Ozocubu's Refrigeration by Vehumet.
 25944 | D:13     | Found a gate leading to a gauntlet.
 25962 | D:13     | Mangled by a titanic slime creature

Illustrated notes

Levels and vault maps discovered:
D:1:      lightli_arrival_windingriver, layout_loops_ring
D:2:      layout_rooms, chequers_ecumenical_altar_lobes
D:3:      layout_basic, serial_shops, nicolae_shop_bloodbath_and_beyond,
          uniq_jessica
D:4:      layout_gridville, lemuel_zombie_altar_yredelemnul,
          hellmonk_ghost_happy_afterlife, guppyfry_early_orc_mine
D:5:      layout_rooms, minmay_mini_ossuary, uniq_menkaure, uniq_sigmund,
          uniq_ijyb
D:6:      layout_loops_cross, serial_shops, shop
D:7:      layout_loops_ring, minmay_temple_entry_arrows
D:8:      layout_basic, minmay_lair_entry_grove, serial_aquarium,
          aquarium_bridge_square [aquarium_subvault_bridge,
          aquarium_subvault_wall, aquarium_subvault_bridge,
          aquarium_subvault_wall], aquarium_bridge_square
          [aquarium_subvault_bridge, aquarium_subvault_window,
          aquarium_subvault_bridge, aquarium_subvault_wall],
          aquarium_window_corner, aquarium_window_fake, aquarium_window_2,
          aquarium_view_2a, aquarium_balcony_1b, aquarium_pool_1,
          gammafunk_ghost_wrathful_warriors, uniq_maurice, uniq_grum
D:9:      hangedman_cross_cluster, layout_cave_pools
D:10:     due_megacathedral, layout_basic,
          hellmonk_guarded_unrand_staff_of_battle, uniq_amaemon
D:11:     minmay_ice_pillars, layout_small_grid, enter_trove_6
D:12:     minmay_bubble_buster, layout_loops_ring, orc_0_dummy
D:13:     layout_roguey, ximxim_vaults_locker_room, serial_shops,
          kennysheep_mini, gauntlet_entry_generic, minmay_misc_feat_tower,
          uniq_josephine
Temple:   mainiacjoe_temple_starburst
Lair:1:   layout_loops_ring, uniq_sonja, uniq_gastronok
Lair:2:   layout_roguey, lemuel_fruit_tree
Lair:3:   layout_loops_ring, spider_nest_entry_funnel_web
Lair:4:   layout_roguey, minmay_swamp_entry_worms, serial_bayou_shore_a
Lair:5:   layout_long_grid, grunt_forest_large_clearing_hut,
          lemuel_fruit_fields, infiniplex_staircase_pool_2
Lair:6:   evil_forest, layout_long_grid, minmay_slime_entry_oklob_enclosed,
          special_room [special_room_bee]
Orc:1:    layout_diamond_mine, basic_altar, mines1_david
Orc:2:    grunt_orc_tribal_feast, layout_diamond_mine, serial_shops,
          bzr_firewalk, lemuel_statue_altar, uniq_urug, uniq_snorg

Skill      XL: |  1  2  3  4  5  6  7  8  9 10 11 12 13 14 15 |
---------------+----------------------------------------------+-----
Fighting       | 1 2 3 4 5 6 8 9 11 12 14 15 16 | 16.3
Earth Magic    | 3 4 5 6 7 |  7.8
Spellcasting   | 3 4 5 6 7 8 10 11 12 13 14 | 14.1
Conjurations   | 1 2 4 5 7 9 10 12 13 | 13.2
Fire Magic     | 4 7 8 |  8.5
Poison Magic   | 2 6 7 |  7.8
Air Magic      | 3 |  3.0
Transmutations | 3 |  3.1
Armour         | 2 |  2.6
Shields        | 2 |  2.8
Dodging        | |  1.7
Stealth        | |  1.4

Action                   |  1- 3 |  4- 6 |  7- 9 | 10-12 | 13-15 || total
-------------------------+-------+-------+-------+-------+-------++-------
Melee: Club              |    29 |       |       |       |       ||    29
       Unarmed           |     3 |       |       |       |       ||     3
       Dagger            |    62 |       |       |       |       ||    62
       Punch             |     1 |       |       |     2 |     2 ||     5
       Hand axe          |       |    41 |    13 |       |       ||    54
       Spear             |       |    17 |       |       |       ||    17
       Staff             |       |       |     5 |    15 |   101 ||   121
 Cast: Sandblast         |    16 |    26 |    27 |    17 |     3 ||    89
       Stone Arrow       |       |       |    80 |   253 |   427 ||   760
       Fireball          |       |       |       |    38 |    18 ||    56
       Olgreb's Toxic Ra |       |       |       |     2 |    96 ||    98
       Starburst         |       |       |       |     2 |    11 ||    13
       Poisonous Vapours |       |       |       |       |    86 ||    86
       Orb of Destructio |       |       |       |       |     6 ||     6
Evoke: Wand              |       |       |       |     1 |       ||     1
  Use: Potion            |       |     4 |       |     3 |       ||     7
       Scroll            |       |       |     7 |     6 |    13 ||    26
 Stab: Sleeping          |     1 |     3 |       |       |       ||     4
Armor: Robe              |    28 |    16 |     3 |    41 |   100 ||   188
       Troll leather arm |       |       |       |       |    44 ||    44
Dodge: Dodged            |    45 |    24 |    21 |    59 |   112 ||   261

Table legend: (Time is in decaauts)
 A = Elapsed time spent in this place.
 B = Non-inter-level travel time spent in this place.
 C = Inter-level travel time spent in this place.
 D = Time resting spent in this place.
 E = Time spent auto-exploring this place.
 F = Levels seen in this place.
 G = Mean time per level.
                   A        B        C        D        E       F      G
               +--------+--------+--------+--------+--------+-----+--------+
         Total |  26058 |  24644 |   1414 |   5858 |  15115 |  22 | 1184.5 |
       Dungeon |  15939 |  15132 |    807 |   4774 |   8106 |  13 | 1226.1 |
        Temple |    232 |    179 |     53 |      0 |    172 |   1 |  232.0 |
          Lair |   8175 |   7757 |    418 |    877 |   5794 |   6 | 1362.5 |
  Orcish Mines |   1709 |   1573 |    136 |    207 |   1043 |   2 |  854.5 |
               +--------+--------+--------+--------+--------+-----+--------+

Top non-repeatable levels by time:
  Lair:6: 2929 daAuts
     D:9: 2034 daAuts
     D:1: 1803 daAuts
    D:10: 1756 daAuts
     D:5: 1650 daAuts
     D:8: 1528 daAuts
    D:11: 1451 daAuts
    D:12: 1315 daAuts
     D:4: 1270 daAuts
   Orc:2: 1184 daAuts
  Lair:3: 1179 daAuts
  Lair:4: 1123 daAuts
     D:7: 1070 daAuts
  Lair:1: 1066 daAuts
  Lair:5: 1020 daAuts
